 Dungeon Crawl Stone Soup version 0.31-a0-640-g39d97e502b (webtiles) character file.

Game seed: 9274886709628536546

86 qw the Shooter (level 4, -3/28 HPs)
             Began as a Gargoyle Hunter on Aug 27, 2023.
             Slain by Sigmund
             ... wielding a +0 scythe
              (10 damage)
             ... on level 3 of the Dungeon.
             The game lasted 00:00:41 (1548 turns).

qw the Shooter (Gargoyle Hunter)                    Turns: 1548, Time: 00:00:41

Health: -3/28      AC: 10    Str: 14    XL:     4   Next: 50%
Magic:  4/4        EV: 10    Int: 10    God:
Gold:   74         SH:  5    Dex: 15    Spells: 3/3 levels left

rFire   . . .        Y - +0 shortbow
rCold   . . .        (shield currently unavailable)
rNeg    + . .        d - +0 ring mail
rPois   inf          (no helmet)
rElec   +            h - +1 cloak
rCorr   .            (no gloves)
SInv    .            (no boots)
Will    .....        c - amulet of reflection
Stlth   +            (no ring)
HPRegen 0.24/turn    (no ring)
MPRegen 0.09/turn

%: reflection
@: no status effects
A: sickness immunity, AC +3, negative energy resistance 1, electricity
resistance, torment resistance 1, petrification resistance
a: no special abilities


You were on level 3 of the Dungeon.
You visited 1 branch of the dungeon, and saw 3 of its levels.

You collected 74 gold pieces.


Innate Abilities, Weirdness & Mutations

You are immune to sickness and miasma.
Your stone body is resilient. (AC +3)
You are immune to poison.
You resist negative energy. (rN+)
You are resistant to electric shocks. (rElec)
You are resistant to unholy torment.
You are immune to petrification.


   Skills:
 - Level 3.0 Fighting
 + Level 5.3 Ranged Weapons
 - Level 1.0 Armour
 - Level 1.5 Dodging
 - Level 1.1 Stealth


You had 3 spell levels left.
You didn't know any spells.
Your spell library was empty.

Inventory:

Hand Weapons
 Y - a +0 shortbow (weapon)
Armour
 d - a +0 ring mail (worn)
 h - a +1 cloak (worn)
Jewellery
 c - an amulet of reflection (around neck)
Potions
 b - a potion of resistance {unknown}
 e - a potion of degeneration {unknown}
 f - a potion of enlightenment {unknown}

Dungeon Overview and Level Annotations

Branches:
Dungeon (3/15)

Altars:

Shops:
D:2 :

Annotations:
D:3 Sigmund


Message History

As you read the scroll labelled IMOCAIGOMM, it crumbles to dust.
Your body is wracked with pain!
It was a scroll of torment.
You start resting.
HP restored.
Done exploring.
1525 ||| READING scroll labelled ATZETA PANIARCH.
As you read the scroll labelled ATZETA PANIARCH, it crumbles to dust.
It is a scroll of identify.
Done exploring.
What level of the Dungeon? (default 2, ? - help)
There is a stone staircase leading down here.
You climb downwards.
There is a stone staircase leading up here.
Waypoint 2 assigned to D:3.
Sigmund and a frilled lizard come into view.
You shoot an arrow. The arrow closely misses Sigmund.
Sigmund mumbles some strange words.
Sigmund flickers and vanishes!
Deactivating autopickup; reactivate with Ctrl-A.
You shoot an arrow. The arrow hits the frilled lizard!
You kill the frilled lizard!
You shoot an arrow. You shoot an arrow. Something hits you.
You shoot an arrow. You shoot an arrow.
You hear some strange, mumbled words.
A puff of flame appears from out of thin air!
The puff of flame hits you.
You shoot an arrow.
You hear some strange, mumbled words.
Something tries to affect you, but you resist.
Something hits you.
You shoot an arrow. You shoot an arrow.
A magic dart appears from out of thin air!
The magic dart hits you. Something hits you!
You shoot an arrow. Something hits you!
You die...

.... ....
.....
.....
......
###{.....
#......#
#@# #<#
###


There were no monsters in sight!

Vanquished Creatures
  A gnoll (D:1)
  An adder (D:2)
  A worm (D:2)
  5 dart slugs
  3 endoplasms
  2 giant cockroaches
  3 goblins
  6 hobgoblins
  7 jackals
  3 kobolds
  3 quokkas
  5 ball pythons (D:1)
  2 bats
  5 frilled lizards
  5 rats (D:1)
52 creatures vanquished.

Notes
Turn   | Place    | Note
-------+----------+-------------------------------------------
     0 | D:1      | qw the Gargoyle Hunter began the quest for the Orb.
     0 | D:1      | Reached XP level 1. HP: 12/12 MP: 1/1
     0 | D:1      | 0 ||| qw: Version: 0.3-a-74-g56b0e0c
     0 | D:1      | 0 ||| qw: Game counter: 4
     0 | D:1      | 0 ||| qw: Melee chars always use a shield: true
     0 | D:1      | 0 ||| qw: God list: Okawaru
     0 | D:1      | 0 ||| qw: Allow faded altars: false
     0 | D:1      | 0 ||| qw: Do Orc after clearing Dungeon:15 true
     0 | D:1      | 0 ||| qw: Do second Lair branch before Depths: true
     0 | D:1      | 0 ||| qw: Lair rune preference: random
     0 | D:1      | 0 ||| qw: Goals: Normal
     0 | D:1      | 0 ||| PLANNING D:1-11
     7 | D:1      | Noticed a hound
     7 | D:1      | Noticed a salamander
     7 | D:1      | Noticed a killer bee
     8 | D:1      | Noticed a polar bear
    91 | D:1      | Reached XP level 2. HP: 17/17 MP: 2/2
   325 | D:1      | Reached XP level 3. HP: 21/21 MP: 3/3
   390 | D:1      | Reached skill level 5 in Ranged Weapons
   924 | D:1      | 924 ||| UPGRADING to +0 ring mail.
   934 | D:1      | 934 ||| DROPPING +0 leather armour.
   935 | D:1      | 935 ||| READING scroll labelled CUEDUU VANK.
   936 | D:1      | 936 ||| READING scroll labelled FULOIW CINONG.
   937 | D:1      | 937 ||| READING scroll labelled DOACZA HAIN.
   940 | D:1      | 940 ||| READING 2 scrolls labelled MEZXIS INANG.
   941 | D:1      | 941 ||| DROPPING scroll of butterflies.
   976 | D:2      | Reached skill level 1 in Armour
   976 | D:2      | Reached XP level 4. HP: 27/27 MP: 4/4
  1076 | D:2      | Found Tuess's Vocational Training.
  1117 | D:2      | Reached skill level 3 in Fighting
  1496 | D:2      | 1496 ||| UPGRADING to +0 cloak.
  1501 | D:2      | 1501 ||| READING scroll of enchant armour.
  1501 | D:2      | 1501 ||| ENCHANTING +0 cloak.
  1502 | D:2      | 1502 ||| UPGRADING to amulet of reflection.
  1507 | D:2      | 1507 ||| READING scroll labelled IMOCAIGOMM.
  1525 | D:2      | 1525 ||| READING scroll labelled ATZETA PANIARCH.
  1538 | D:3      | Noticed Sigmund
  1547 | D:3      | HP: 7/28 [something (7)]
  1548 | D:3      | Slain by Sigmund

Levels and vault maps discovered:
D:1:      onia_arrival_zoo_common, layout_basic
D:2:      layout_basic, nicolae_shop_vocational
D:3:      due_chaos_kobolds, layout_basic, minmay_snake_closets, uniq_sigmund

Skill      XL: |  1  2  3  4 |
---------------+-------------+-----
Ranged Weapons | 5 |  5.3
Armour         | 1 |  1.0
Fighting       | 3 |  3.0
Dodging        | |  1.5
Stealth        | |  1.1

Action                     |  1- 3 |  4- 6 || total
---------------------------+-------+-------++-------
   Fire: Shortbow          |   103 |    58 ||   161
    Use: Scroll            |     4 |     3 ||     7
 Armour: Leather armour    |    11 |       ||    11
         Ring mail         |     9 |    12 ||    21
  Dodge: Dodged            |    20 |     9 ||    29

Table legend:
 A = Non-vault XP
 B = Vault XP
 C = Vault XP percentage of total XP
 D = Non-vault monster count
 E = Vault monster count
 F = Vault count percentage of total count
                 A         B        C        D         E       F
            +---------+---------+-------+---------+---------+-------
      Total |     124 |       0 |   0.0 |      52 |       0 |   0.0
            +---------+---------+-------+---------+---------+-------
        D:1 |      73 |       0 |   0.0 |      33 |       0 |   0.0
        D:2 |      50 |       0 |   0.0 |      18 |       0 |   0.0
        D:3 |       1 |       0 |   0.0 |       1 |       0 |   0.0
            +---------+---------+-------+---------+---------+-------
